 Dungeon Crawl Stone Soup version 0.28.0-43-g3370ac3207 (webtiles) character file.

Game seed: 3989070790847858682

144 Ablot the Grasshopper (level 5, 0/43 HPs)
             Began as a Gnoll Warper on Mar 29, 2022.
             Succumbed to an orc wizard's poison
             ... on level 2 of the Dungeon.
             The game lasted 00:04:13 (2330 turns).

Ablot the Grasshopper (Gnoll Warper)                Turns: 2330, Time: 00:04:14

Health: 0/43       AC:  3    Str: 12    XL:     5   Next: 26%
Magic:  12/12      EV: 13    Int: 12    God:
Gold:   97         SH:  0    Dex: 12    Spells: 12/14 levels left

rFire   . . .      SeeInvis .   a - +0 trident (venom)
rCold   . . .      Faith    .   (no shield)
rNeg    . . .      Spirit   .   b - +0 leather armour
rPois   +          Reflect  .   (no helmet)
rElec   .          Harm     .   (no cloak)
rCorr   .          Rampage  .   (no gloves)
Will    .....      Clarity  +   (no boots)
Stlth   +.........              (no amulet)
HPRegen 0.14/turn               (no ring)
MPRegen 0.13/turn               (no ring)

@: lethally poisoned (0 -> -17)
A: fangs 1, strong nose, distributed training, clarity, deterioration 1, poison
resistance, inability to read while threatened
a: no special abilities


You were on level 2 of the Dungeon.
You visited 1 branch of the dungeon, and saw 3 of its levels.

You collected 97 gold pieces.

Inventory:

Hand Weapons
 a - a +0 trident of venom (weapon)
Missiles
 d - 5 boomerangs of dispersal (quivered)
 g - 86 stones
 h - a throwing net
 j - 22 sling bullets
Armour
 b - a +0 leather armour (worn)
Scrolls
 c - a scroll of blinking
 e - 5 scrolls of identify {unknown}
 l - a scroll of amnesia {unknown}
 n - a scroll of teleportation {unknown}
Potions
 f - a potion of mutation
 i - a potion of attraction {unknown}
 k - 2 potions of curing {unknown}
 m - a potion of brilliance {unknown}
 o - a potion of cancellation {unknown}
 p - a potion of heal wounds {unknown}


   Skills:
 + Level 4.7 Fighting
 + Level 1.4 Short Blades
 + Level 1.4 Long Blades
 + Level 1.4 Axes
 + Level 1.4 Maces & Flails
 + Level 4.7 Polearms
 + Level 1.4 Staves
 + Level 1.4 Slings
 + Level 1.4 Bows
 + Level 1.4 Crossbows
 + Level 2.9 Throwing
 + Level 2.9 Armour
 + Level 4.7 Dodging
 + Level 1.4 Stealth
 + Level 1.4 Shields
 + Level 1.4 Unarmed Combat
 + Level 5.2 Spellcasting
 + Level 1.1 Conjurations
 + Level 1.1 Hexes
 + Level 1.1 Summonings
 + Level 1.1 Necromancy
 + Level 5.5 Translocations
 + Level 1.1 Transmutations
 + Level 1.1 Fire Magic
 + Level 1.1 Ice Magic
 + Level 1.1 Air Magic
 + Level 1.1 Earth Magic
 + Level 1.1 Poison Magic
 + Level 1.6 Invocations
 + Level 1.4 Evocations


You had 12 spell levels left.
You knew the following spells:

 Your Spells              Type           Power      Damage    Failure   Level
a - Blink                 Tloc           32%        N/A       3%          2

Your spell library contained the following spells:

 Spells                   Type           Power      Damage    Failure   Level
 Gell's Gravitas          Tloc           16%        N/A       8%          3
 Lesser Beckoning         Tloc           16%        N/A       8%          3
 Teleport Other           Tloc           16%        N/A       8%          3
 Dazzling Flash           Conj/Hex       10%        N/A       43%         3
 Iskenderun's Mystic Bla  Conj/Tloc      11%        2d4       54%         4
 Manifold Assault         Tloc           16%        N/A       56%         5
 Starburst                Conj/Fire      2%         6d3       100%        6


Dungeon Overview and Level Annotations

Branches:
Dungeon (3/15)

Altars:


Innate Abilities, Weirdness & Mutations

You have very sharp teeth.
Your uncanny sense of smell can sniff out nearby items.
Your experience applies equally to all skills.
You possess an exceptional clarity of mind.
Your body sometimes deteriorates upon taking damage.
Your system is resistant to poisons. (rPois)
You sometimes lose the ability to read scrolls when taking damage.


Message History

You are poisoned.
You climb upwards.
Reactivating autopickup.
You feel very sick.
There is a stone staircase leading down here.
You start resting.
You feel sick. Something hits you.
You are more poisoned.
Deactivating autopickup; reactivate with Ctrl-A.
You start resting.
You feel very sick. Something hits you.
You are more poisoned.
There is a strange disturbance nearby!
You completely miss something. Your bite misses something.
You feel very sick.
You hear some strange, mumbled words.
Something tries to affect you, but you resist.
You hit something.
You feel very sick. Something hits you.
You are more poisoned.
You miss something. You punch something.
You feel very sick. Something barely misses you.
You closely miss something. Your bite misses something.
You feel very sick. Something hits you.
* * * LOW HITPOINT WARNING * * *
You are more poisoned.
You hit something.
* * * LOW HITPOINT WARNING * * *
You feel very sick.
You hear some strange, mumbled words.
A magic dart appears from out of thin air!
The magic dart hits you.
* * * LOW HITPOINT WARNING * * *
It was a potion of mutation.
You feel extremely strange.
You lose the ability to read scrolls when threatened.
You feel resistant to poisons.
You feel yourself wasting away.
Your thoughts seem clearer.
You die...

#.#..#
#........#
.^...#
##.......#
######
#.......#
#..#+####
##.#.#
#)..#
##).# #{.#
##@# ###


There were no monsters in sight!

Vanquished Creatures
  An orc priest (D:3)
  A hound (D:2)
  2 adders (D:2)
  3 dart slugs
  5 orcs
  3 ball pythons (D:1)
  5 endoplasms
  4 giant cockroaches (D:2)
  4 goblins
  5 hobgoblins
  3 jackals (D:2)
  4 quokkas
  3 bats
  2 frilled lizards
  6 kobolds
  3 rats
54 creatures vanquished.

Notes
Turn   | Place    | Note
-------+----------+-------------------------------------------
     0 | D:1      | Ablot the Gnoll Warper began the quest for the Orb.
     0 | D:1      | Reached XP level 1. HP: 20/20 MP: 6/6
   232 | D:1      | Reached XP level 2. HP: 26/26 MP: 7/7
   243 | D:1      | Learned a level 2 spell: Blink
   895 | D:2      | Found a faded altar of an unknown god.
   932 | D:2      | Reached skill level 5 in Spellcasting
   932 | D:2      | Reached XP level 3. HP: 22/31 MP: 7/9
  1064 | D:2      | Reached skill level 1 in Short Blades
  1064 | D:2      | Reached skill level 1 in Long Blades
  1064 | D:2      | Reached skill level 1 in Axes
  1064 | D:2      | Reached skill level 1 in Maces & Flails
  1064 | D:2      | Reached skill level 1 in Staves
  1064 | D:2      | Reached skill level 1 in Slings
  1064 | D:2      | Reached skill level 1 in Bows
  1064 | D:2      | Reached skill level 1 in Crossbows
  1064 | D:2      | Reached skill level 1 in Stealth
  1064 | D:2      | Reached skill level 1 in Shields
  1064 | D:2      | Reached skill level 1 in Unarmed Combat
  1064 | D:2      | Reached skill level 1 in Invocations
  1064 | D:2      | Reached skill level 1 in Evocations
  1175 | D:2      | Reached XP level 4. HP: 36/38 MP: 11/11
  1604 | D:2      | Reached skill level 1 in Conjurations
  1604 | D:2      | Reached skill level 1 in Hexes
  1604 | D:2      | Reached skill level 1 in Summonings
  1604 | D:2      | Reached skill level 1 in Necromancy
  1604 | D:2      | Reached skill level 1 in Transmutations
  1604 | D:2      | Reached skill level 1 in Fire Magic
  1604 | D:2      | Reached skill level 1 in Ice Magic
  1604 | D:2      | Reached skill level 1 in Air Magic
  1604 | D:2      | Reached skill level 1 in Earth Magic
  1604 | D:2      | Reached skill level 1 in Poison Magic
  2050 | D:3      | Reached XP level 5. HP: 20/43 MP: 12/12
  2330 | D:2      | Gained mutation: You sometimes lose the ability to read
                  | scrolls when taking damage. [potion of mutation]
  2330 | D:2      | Gained mutation: Your system is resistant to poisons.
                  | (rPois) [potion of mutation]
  2330 | D:2      | Gained mutation: Your body sometimes deteriorates upon
                  | taking damage. [potion of mutation]
  2330 | D:2      | Gained mutation: You possess an exceptional clarity of
                  | mind. [potion of mutation]
  2330 | D:2      | Succumbed to an orc wizard's poison

Illustrated notes

Levels and vault maps discovered:
D:1:      ebering_trefoil_3fold, layout_basic, st_stairs_12,
          minmay_misc_feat_columns
D:2:      layout_basic, basic_ecumenical_altar, minivault_23,
          minmay_fractal_squares_gapless_5
D:3:      layout_basic, jmf_multi_god_temple2, gammafunk_ghost_stat_death

Skill      XL: |  1  2  3  4 |
---------------+-------------+-----
Spellcasting   | 5 |  5.2
Short Blades   | 1 |  1.4
Long Blades    | 1 |  1.4
Axes           | 1 |  1.4
Maces & Flails | 1 |  1.4
Staves         | 1 |  1.4
Slings         | 1 |  1.4
Bows           | 1 |  1.4
Crossbows      | 1 |  1.4
Stealth        | 1 |  1.4
Shields        | 1 |  1.4
Unarmed Combat | 1 |  1.4
Invocations    | 1 |  1.6
Evocations     | 1 |  1.4
Conjurations   | 1 |  1.1
Hexes          | 1 |  1.1
Summonings     | 1 |  1.1
Necromancy     | 1 |  1.1
Transmutations | 1 |  1.1
Fire Magic     | 1 |  1.1
Ice Magic      | 1 |  1.1
Air Magic      | 1 |  1.1
Earth Magic    | 1 |  1.1
Poison Magic   | 1 |  1.1
Fighting       | |  4.7
Polearms       | |  4.7
Throwing       | |  2.9
Armour         | |  2.9
Dodging        | |  4.7
Translocations | |  5.5

Action                   |  1- 3 |  4- 6 || total
-------------------------+-------+-------++-------
Melee: Spear             |    90 |   136 ||   226
       Bite              |    11 |     9 ||    20
       Punch             |       |     3 ||     3
       Trident           |       |     5 ||     5
  Use: Potion            |       |     1 ||     1
 Stab: Sleeping          |     1 |     1 ||     2
Armor: Leather armour    |    19 |    20 ||    39
Dodge: Dodged            |    42 |    76 ||   118
